 Dungeon Crawl Stone Soup version 0.26.1-16-g4e020e15dc (webtiles) character file.

Game seed: 14647919790632107426

284 Twinkles the Caller (level 6, -4/47 HPs)
             Began as a Barachi Summoner on Mar 17, 2021.
             Was an Initiate of Gozag.
             Slain by an ice beast (14 damage)
             ... on level 2 of the Dungeon on Mar 11, 2023.
             The game lasted 00:28:00 (6593 turns).

Twinkles the Caller (Barachi Summoner)              Turns: 6593, Time: 00:28:01

Health: -4/47      AC:  5    Str: 11    XL:     6   Next: 29%
Magic:  11/11      EV: 12    Int: 16    God:    Gozag
Gold:   240        SH:  0    Dex: 12    Spells: 8/11 levels left

rFire    . . .     SeeInvis .   a - +0 dagger
rCold    . . .     Faith    .   (no shield)
rNeg     . . .     Spirit   .   m - +0 ring mail
rPois    .         Reflect  .   (no helmet)
rElec    .         Harm     .   (no cloak)
rCorr    .         Rampage  .   (no gloves)
Will     .....                  (no boots)
Stlth    +.........             (no amulet)
HPRegen  0.15/turn              (no ring)
MPRegen  0.12/turn              (no ring)

@: slow
A: +LOS, swims, slowness 1, strong legs 1
a: Hop, Renounce Religion, Potion Petition, Call Merchant, Bribe Branch


You were on level 2 of the Dungeon.
You worshipped Gozag.
Gozag was aware of your devotion.
You visited 1 branch of the dungeon, and saw 4 of its levels.

You collected 240 gold pieces.

Inventory:

Hand Weapons
 a - a +0 dagger (weapon)
Missiles
 c - 8 atropa-tipped darts
 d - 131 stones
Armour
 e - a +0 robe
 i - a +0 scale mail
 m - a +0 ring mail (worn)
Scrolls
 b - a scroll of fog {unknown}
 f - 2 scrolls of identify {unknown}
 g - 2 scrolls of teleportation {unknown}
 l - 2 scrolls of amnesia {unknown}
 p - 3 scrolls of remove curse {unknown}
Potions
 h - 2 potions of lignification {unknown}
 j - a potion of brilliance {unknown}
 k - a potion of cancellation {unknown}
 n - a potion of heal wounds {unknown}
 o - a potion of attraction {unknown}


   Skills:
 + Level 3.4 Fighting
 + Level 1.5 Armour
 + Level 4.0 Dodging
 - Level 1.7 Stealth
 - Level 3.3 Spellcasting
 + Level 6.0 Summonings


You had 8 spell levels left.
You knew the following spells:

 Your Spells              Type           Power        Failure   Level
i - Call Imp              Summ           22%          5%          2
m - Summon Small Mammal   Summ           88%          3%          1

Your spell library contained the following spells:

 Spells                   Type           Power        Failure   Level
 Call Canine Familiar     Summ           22%          11%         3
 Summon Guardian Golem    Hex/Summ       12%          36%         3
 Summon Ice Beast         Ice/Summ       12%          77%         4
 Summon Lightning Spire   Summ/Air       12%          77%         4


Dungeon Overview and Level Annotations

Branches:
Dungeon (4/15)
 Temple: D:4-7

Altars:
Ashenzari
Fedhas
Gozag
Uskayaw

Shops:
D:4 }


Innate Abilities, Weirdness & Mutations

You can be seen from farther away. (+LOS)
You can swim through water.
You cover ground slowly.
You can hop short distances.


Message History

* * * LOW HITPOINT WARNING * * *
You barely miss the ice beast.
The ice beast is lightly wounded.
The ice beast hits you but does no damage.
You hit the ice beast but do no damage.
The ice beast is lightly wounded.
The ice beast hits you but does no damage.
You hit the ice beast.
The ice beast is moderately wounded.
The ice beast barely misses you.
You hit the ice beast but do no damage.
The ice beast is moderately wounded.
The ice beast hits you but does no damage.
You hit the ice beast.
The ice beast is moderately wounded.
The ice beast hits you.
* * * LOW HITPOINT WARNING * * *
The ice beast freezes you!
You die...
Your body crumbles into a pile of gold.

######..######.######.#####....#
#.......<...............####
#.#.#####.#....#.)....#.....
######.#...................#.....
#......#..####.#....##.....#.....
#......##.## #.#.................
.......##..###.##.##....####.....
................Y.##....# #.....
#.....####......@.##....# #.....
#.....# ##...........### #.....
......#####.......##### #.....
....#........#.#### #.....
....#.....)....# #.....
....#..........# #.....
....#..........# #.....
....#.........># ######
################


You could see an ice beast.

Vanquished Creatures
  An orc priest (D:4)
  2 adders
  A dart slug (D:3)
  An orc (D:3)
  6 bats
  2 giant cockroaches
  5 goblins
  2 hobgoblins
  2 jackals (D:3)
  A quokka (D:2)
  2 frilled lizards
  4 kobolds
  6 rats
35 creatures vanquished.

Vanquished Creatures (collateral kills)
  An ogre (D:4)
  A howler monkey (D:4)
  2 hounds (D:4)
  A bullfrog skeleton (D:4)
  An orc wizard (D:3)
  An iguana (D:4)
  A worker ant (D:4)
  2 adders
  An adder skeleton (D:4)
  2 worms (D:2)
  2 leopard geckos
  An orc (D:4)
  2 bats (D:2)
  6 goblins
  8 hobgoblins
  7 jackals
  4 kobolds
  A quokka (D:2)
  3 frilled lizards
  A rat (D:2)
48 creatures vanquished.

Grand Total: 83 creatures vanquished

Notes
Turn   | Place    | Note
-------+----------+-------------------------------------------
     0 | D:1      | Twinkles the Barachi Summoner began the quest for the Orb.
     0 | D:1      | Reached XP level 1. HP: 13/13 MP: 3/3
   221 | D:1      | HP: 3/13 [hobgoblin (3)]
   790 | D:1      | Reached XP level 2. HP: 10/20 MP: 1/5
  1014 | D:1      | Reached skill level 1 in Fighting
  1014 | D:1      | Reached skill level 5 in Summonings
  1071 | D:1      | Learned a level 2 spell: Call Imp
  2269 | D:2      | Reached XP level 3. HP: 24/26 MP: 1/6
  2971 | D:2      | Found a hide-covered altar of Uskayaw.
  3695 | D:2      | Reached XP level 4. HP: 32/33 MP: 8/8
  3698 | D:2      | Noticed an ice beast
  4622 | D:3      | Found a faded altar of an unknown god.
  5010 | D:3      | Found a blossoming altar of Fedhas.
  5624 | D:3      | Became a worshipper of Gozag Ym Sagoz the Greedy
  5642 | D:4      | Found Sietuh's Gadget Shop.
  5665 | D:4      | Reached XP level 5. HP: 26/39 MP: 6/9
  5774 | D:4      | Found a broken altar of Ashenzari.
  5815 | D:4      | Noticed an ice beast
  5860 | D:4      | Noticed an ogre
  6440 | D:4      | Reached skill level 1 in Armour
  6451 | D:4      | Reached XP level 6. HP: 45/47 MP: 2/11
  6452 | D:4      | Reached skill level 6 in Summonings
  6532 | D:4      | Upgraded the game from 0.26.1-2-gb8aa6d0cf2 to
                  | 0.26.1-16-g4e020e15dc
  6588 | D:2      | HP: 11/47 [ice beast (11)]
  6593 | D:2      | HP: 10/47 [ice beast (2)]
  6593 | D:2      | Slain by an ice beast

Illustrated notes

Levels and vault maps discovered:
D:1:      eino_arrival_cavern_e, layout_loops_corners, kennysheep_pointless_box,
          chequers_serial_rivers_room_a
D:2:      layout_basic, lemuel_doored_altar
D:3:      layout_loops_cross, old_standard_altar,
          chequers_ecumenical_altar_island
D:4:      layout_loops_ring, minmay_overflow_temple_hex, marbit_many_paths,
          serial_shops, shop

Skill      XL: |  1  2  3  4  5  6 |
---------------+-------------------+-----
Fighting       | 1 2 3 |  3.4
Summonings     | 5 6 |  6.0
Dodging        | 3 4 |  4.0
Spellcasting   | 3 |  3.3
Armour         | 1 |  1.5
Stealth        | |  1.7

Action                   |  1- 3 |  4- 6 || total
-------------------------+-------+-------++-------
Melee: Unarmed           |    13 |       ||    13
       Dagger            |   120 |   120 ||   240
 Cast: Summon Small Mamm |    18 |    16 ||    34
       Call Imp          |    35 |    42 ||    77
 Abil: Hop               |       |     1 ||     1
 Stab: Distracted        |     1 |     1 ||     2
       Sleeping          |     4 |       ||     4
Armor: Robe              |    24 |    10 ||    34
       Ring mail         |       |    16 ||    16
Dodge: Dodged            |    99 |    85 ||   184
